 Seeded DCSS version 0.26-a0-1129-gc5df7fb (webtiles) character file.

Game seed: 5021797928989762343 (custom seed)

710 MercyWheel the Vandal (level 8, 0/51 HPs)
             Began as a Halfling Earth Elementalist on Dec 17, 2020.
             Succumbed to a scorpion's poison
             ... on level 5 of the Dungeon.
             The game lasted 00:12:27 (4878 turns).

MercyWheel the Vandal (Halfling Earth Elementalist) Turns: 4878, Time: 00:12:27

Health: 0/51       AC:  4    Str: 10    XL:     8   Next: 0%
Magic:  10/10      EV: 16    Int: 13    God:
Gold:   152        SH:  0    Dex: 16    Spells: 9/10 levels left

rFire    . . .     SeeInvis .   a - +3 dagger (flame)
rCold    . . .     Faith    .   (shield restricted)
rNeg     . . .     Spirit   .   h - +1 leather armour
rPois    .         Reflect  .   (no helmet)
rElec    .         Harm     .   (no cloak)
rCorr    .         Rampage  .   (no gloves)
Will     .....                  (no boots)
Stlth    ++........             (no amulet)
HPRegen  0.17/turn              d - ring of wizardry
MPRegen  0.12/turn              (no ring)

@: lethally poisoned (0 -> -4)
A: small, mutation resistance 1
a: no special abilities


You were on level 5 of the Dungeon.
You visited 1 branch of the dungeon, and saw 5 of its levels.

You collected 152 gold pieces.

Inventory:

Hand Weapons
 a - a +3 dagger of flaming (weapon)
 j - a +0 hunting sling
Missiles
 b - 79 stones (quivered)
 k - 14 poisoned darts
 n - 23 sling bullets
Armour
 c - a +0 robe
 h - a +1 leather armour (worn)
Jewellery
 d - a ring of wizardry (left hand)
Scrolls
 e - 4 scrolls of identify
 f - 3 scrolls of remove curse {unknown}
 i - 2 scrolls of teleportation


   Skills:
 + Level 2.4 Fighting
 - Level 5.0 Short Blades
 - Level 5.1 Slings
 - Level 4.3 Dodging
 - Level 4.0 Stealth
 - Level 1.5 Spellcasting
 - Level 0.5 Transmutations
 - Level 3.5 Earth Magic


You had 9 spell levels left.
You knew the following spells:

 Your Spells              Type           Power        Failure   Level
a - Sandblast             Erth           20%          3%          1

Your spell library contained the following spells:

 Spells                   Type           Power        Failure   Level
 Passwall                 Tmut/Erth      5%           10%         2
 Stone Arrow              Conj/Erth      10%          21%         3
 Petrify                  Tmut/Erth      6%           52%         4
 Lee's Rapid Deconstruct  Erth           5%           65%         5


Dungeon Overview and Level Annotations

Branches:
Dungeon (5/15)
 Temple: D:4-7

Altars:
Cheibriados

Annotations:
D:2 exclusion: gnoll


Innate Abilities, Weirdness & Mutations

You are small and have problems with some larger weapons.
You are somewhat resistant to further mutation.


Message History

As you read the scroll labelled QAAPTI NYBOPLUONI, it crumbles to dust.
It is a scroll of enchant weapon.
Your +2 dagger of flaming glows red for a moment.
* * * LOW HITPOINT WARNING * * *
You feel sick.
As you read the scroll labelled JELORPH FITO, it crumbles to dust.
It is a scroll of enchant armour.
Your +0 leather armour glows green for a moment.
Your surroundings suddenly seem different.
A yak comes into view.
The yak bellows!
A yak comes into view.
The yak bellows!
You hear a bellow!
A yak comes into view.
The yak bellows!
* * * LOW HITPOINT WARNING * * *
You feel sick.
The yak moves out of view.
* * * LOW HITPOINT WARNING * * *
You feel sick.
You die...

#. Y# #. .#
#. Y#
#.##.#
#....#
#..#.......
#..########
#..# #.@#
#......#
#.###...#
#. .... ##
.## #


There were no monsters in sight!

Vanquished Creatures
  Sigmund (D:4)
  An ogre (D:3)
  2 scorpions
  A hound (D:4)
  A centaur skeleton (D:2)
  An orc priest (D:4)
  3 orc wizards (D:4)
  3 worker ants
  A gnoll (D:2)
  5 adders
  2 worms
  4 dart slugs
  2 leopard geckos
  5 orcs
  2 bats (D:2)
  A giant cockroach (D:1)
  8 goblins
  8 hobgoblins
  4 jackals (D:4)
  2 quokkas
  A frilled lizard (D:3)
  A jackal skeleton (D:4)
  7 kobolds
  7 rats
73 creatures vanquished.

Notes
Turn   | Place    | Note
-------+----------+-------------------------------------------
     0 | D:1      | MercyWheel the Halfling Earth Elementalist began the quest
                  | for the Orb.
     0 | D:1      | Reached XP level 1. HP: 11/11 MP: 3/3
   436 | D:1      | Reached skill level 1 in Short Blades
   436 | D:1      | Reached XP level 2. HP: 17/17 MP: 4/4
   984 | D:1      | Reached XP level 3. HP: 14/21 MP: 5/5
  1285 | D:2      | Found a faded altar of an unknown god.
  1301 | D:2      | Reached XP level 4. HP: 20/27 MP: 6/6
  1796 | D:3      | Reached XP level 5. HP: 27/31 MP: 7/7
  2473 | D:3      | Noticed an ogre
  2510 | D:3      | Killed an ogre
  2511 | D:3      | Reached XP level 6. HP: 18/36 MP: 1/8
  2933 | D:4      | Reached skill level 1 in Slings
  3258 | D:4      | Noticed Sigmund
  3275 | D:4      | Killed Sigmund
  3276 | D:4      | Reached skill level 5 in Slings
  3276 | D:4      | Reached XP level 7. HP: 21/41 MP: 1/9
  3276 | D:4      | Found a snail-covered altar of Cheibriados.
  3832 | D:4      | Reached skill level 5 in Short Blades
  4230 | D:4      | HP: 1/41 [orc wizard/+0 dagger (2)]
  4590 | D:4      | Reached skill level 1 in Fighting
  4847 | D:5      | Entered Level 5 of the Dungeon
  4872 | D:5      | Reached XP level 8. HP: 4/51 MP: 10/10
  4874 | D:5      | Noticed a yak
  4874 | D:5      | Noticed a yak
  4874 | D:5      | Noticed a yak
  4875 | D:5      | HP: 2/51 [poisoned by a scorpion]
  4878 | D:5      | Succumbed to a scorpion's poison

Illustrated notes

Levels and vault maps discovered:
D:1:      psy_arrival_terrarium, layout_loops_ring, serial_glass,
          glass_columns_b, glass_columns_b, item_on_display_a, feat_on_display,
          minmay_misc_feat_more_columns
D:2:      layout_loops_corners, chequers_ecumenical_altar_island,
          corexii_leaking_fountain, uniq_jessica
D:3:      layout_rooms
D:4:      layout_cave_pools, cheibriados_altar_1, doesnt_xom_only_xom,
          uniq_sigmund
D:5:      layout_loops_ring, okawaru_altar_gauntlet_db, lemuel_doored_altar,
          basic_altar

Skill      XL: |  1  2  3  4  5  6  7 |
---------------+----------------------+-----
Short Blades   | 1 2 3 4 5 |  5.0
Stealth        | 3 4 |  4.0
Dodging        | 4 |  4.3
Slings         | 5 |  5.1
Fighting       | 2 |  2.4
Spellcasting   | |  1.5
Transmutations | |  0.5
Earth Magic    | |  3.5

Action                   |  1- 3 |  4- 6 |  7- 9 || total
-------------------------+-------+-------+-------++-------
Melee: Dagger            |    56 |   102 |   170 ||   328
       Hunting sling     |       |       |     2 ||     2
 Fire: Hunting sling     |       |    13 |    18 ||    31
Throw: Dart              |       |     2 |       ||     2
       Stone             |       |       |     1 ||     1
 Cast: Sandblast         |     7 |    13 |    16 ||    36
  Use: Scroll            |       |     1 |     3 ||     4
       Potion            |       |       |     1 ||     1
 Stab: Sleeping          |     3 |     3 |       ||     6
Armor: Robe              |     5 |     4 |       ||     9
       Skin              |       |       |    45 ||    45
       Leather armour    |       |       |    18 ||    18
Dodge: Dodged            |    41 |    68 |    88 ||   197

Table legend: (Time is in decaauts)
 A = Elapsed time spent in this place.
 B = Non-inter-level travel time spent in this place.
 C = Inter-level travel time spent in this place.
 D = Time resting spent in this place.
 E = Time spent auto-exploring this place.
 F = Levels seen in this place.
 G = Mean time per level.
                   A        B        C        D        E       F      G
               +--------+--------+--------+--------+--------+-----+--------+
         Total |   4810 |   4774 |     36 |   1544 |   2411 |   5 |  962.0 |
       Dungeon |   4810 |   4774 |     36 |   1544 |   2411 |   5 |  962.0 |
               +--------+--------+--------+--------+--------+-----+--------+

Top non-repeatable levels by time:
     D:4: 1582 daAuts
     D:3: 1467 daAuts
     D:1: 1077 daAuts
     D:2: 658 daAuts
     D:5: 25 daAuts
